TOP OF THE 1ST |
Houston Astros batting - Pitching for Detroit Tigers : RHP Ryan Sobocinski
|
Pitching: RHP Ryan Sobocinski
|
|
Batting: RHB Chang-wei Jiang
|
0-0: Ball 1-0: Ball 2-0: Called Strike 2-1: Swinging Strike 2-2: Strikes out swinging
|
Batting: RHB Matt Thompson
|
0-0: Ball 1-0: Foul Ball, location: 2F 1-1: Called Strike 1-2: Foul Ball, location: 2F 1-2: SINGLE (Groundball, 6MD, EV 99.4 MPH)
|
Batting: SHB Addick de Vries
|
0-0: Called Strike 0-1: Ball 1-1: Ball 2-1: Swinging Strike 2-2: Ball 3-2: Foul Ball, location: 2F 3-2: Base on Balls Matt Thompson to second
|
Batting: RHB Danny Dyer
|
0-0: Ball 1-0: Ball 2-0: Ball 3-0: Foul Ball, location: 2F 3-1: 3-RUN HOME RUN (Flyball, 7D, EV 99.4 MPH), Distance : 375 ft
|
Batting: SHB Joe Gardner
|
0-0: Called Strike 0-1: Called Strike 0-2: Ball 1-2: Foul Ball, location: 2F 1-2: SINGLE (Line Drive, 9S, EV 94.4 MPH)
|
Batting: RHB Trevor Mock
|
0-0: Ball 1-0: Called Strike 1-1: Ball 2-1: DOUBLE (Flyball, 78D, EV 92.5 MPH) Joe Gardner to third
|
Batting: LHB Ian Jarvis
|
0-0: Ball 1-0: Foul Ball, location: 2F 1-1: Fly out, F8 (Flyball, 89M, EV 89.4 MPH)
|
Batting: RHB Josh Froyd
|
0-0: Reached on error, E4 (Groundball, 4, EV 100.0 MPH) Joe Gardner scores Trevor Mock scores
|
Batting: LHB Tony Vitela
|
0-0: Ball 1-0: Ball 2-0: Swinging Strike 2-1: Ground out U3 (Groundball, 3, EV 98.8 MPH)
|
Top of the 1st over - 5 runs, 4 hits, 1 error, 1 left on base; Houston 5 - Detroit 0 |
BOTTOM OF THE 1ST |
Detroit Tigers batting - Pitching for Houston Astros : RHP Kevin Ovens-Toots
|
Pitching: RHP Kevin Ovens-Toots
|
|
Batting: RHB Greg Harman
|
0-0: Ball 1-0: Swinging Strike 1-1: SOLO HOME RUN (Flyball, 7LD, EV 95.0 MPH), Distance : 356 ft
|
Batting: LHB Morgan Black
|
0-0: Called Strike 0-1: SINGLE (Line Drive, 8LS, EV 100.6 MPH)
|
Batting: RHB Ryan Neal
|
0-0: Called Strike Morgan Black is caught stealing 2nd base 2-4 0-1: SINGLE (Groundball, 6MS, EV 68.8 MPH) (infield hit)
|
Batting: SHB Phil Zacharia
|
0-0: Called Strike 0-1: Foul Ball, location: 2F 0-2: Grounds into double play, 6-4-3 (Groundball, 6D, EV 86.9 MPH)
|
Bottom of the 1st over - 1 run, 3 hits, 0 errors, 0 left on base; Houston 5 - Detroit 1 |
TOP OF THE 2ND |
Houston Astros batting - Pitching for Detroit Tigers : RHP Ryan Sobocinski
|
Batting: RHB Chang-wei Jiang
|
0-0: Ground out 3-1 (Groundball, 34, EV 86.3 MPH)
|
Batting: RHB Matt Thompson
|
0-0: Foul Ball, location: 2F 0-1: Ball 1-1: Ball 2-1: Ball 3-1: Called Strike 3-2: Foul Ball, location: 2F 3-2: SINGLE (Groundball, 34D, EV 94.4 MPH)
|
Batting: SHB Addick de Vries
|
0-0: Called Strike 0-1: Ball 1-1: Ball 2-1: Grounds into double play, 4-6-3 (Groundball, 34D, EV 100.0 MPH)
|
Top of the 2nd over - 0 runs, 1 hit, 0 errors, 0 left on base; Houston 5 - Detroit 1 |
BOTTOM OF THE 2ND |
Detroit Tigers batting - Pitching for Houston Astros : RHP Kevin Ovens-Toots
|
Batting: RHB Randy Shrewsbury
|
0-0: Ball 1-0: Fly out, F9 (Line Drive, 9, EV 86.3 MPH)
|
Batting: RHB Luke Feeney
|
0-0: Swinging Strike 0-1: Ball 1-1: Ball 2-1: Swinging Strike 2-2: Strikes out swinging
|
Batting: RHB Victor Quinones
|
0-0: Ball 1-0: Called Strike 1-1: Swinging Strike 1-2: Ball 2-2: Ball 3-2: Ground out 6-3 (Groundball, 6, EV 88.8 MPH)
|
Bottom of the 2nd over - 0 runs, 0 hits, 0 errors, 0 left on base; Houston 5 - Detroit 1 |
TOP OF THE 3RD |
Houston Astros batting - Pitching for Detroit Tigers : RHP Ryan Sobocinski
|
Batting: RHB Danny Dyer
|
0-0: Called Strike 0-1: Ball 1-1: Swinging Strike 1-2: Fly out, F7 (Flyball, 7, EV 85.0 MPH)
|
Batting: SHB Joe Gardner
|
0-0: Foul Ball, location: 2F 0-1: Called Strike 0-2: Fly out, F4 (Flyball, 4MD, EV 86.3 MPH)
|
Batting: RHB Trevor Mock
|
0-0: Ball 1-0: Foul Ball, location: 2F 1-1: Foul Ball, location: 2F 1-2: Ball 2-2: SINGLE (Groundball, 56S, EV 68.1 MPH) (infield hit)
|
Pitching: RHP Jason Williams
|
|
Batting: LHB Ian Jarvis
|
0-0: Called Strike Trevor Mock steals 2nd base (no throw) 0-1: Ball 1-1: Fly out, F6 (Popup, 4M, EV 75.0 MPH)
|
Top of the 3rd over - 0 runs, 1 hit, 0 errors, 1 left on base; Houston 5 - Detroit 1 |
BOTTOM OF THE 3RD |
Detroit Tigers batting - Pitching for Houston Astros : RHP Kevin Ovens-Toots
|
Batting: LHB Emmanuel Gaskin
|
0-0: Ball 1-0: Foul Ball, location: 2F 1-1: Called Strike 1-2: Foul Ball, location: 2F 1-2: Ground out 4-3 (Groundball, 4, EV 81.3 MPH)
|
Batting: RHB Adrian Novakovic
|
0-0: SINGLE (Groundball, 5D, EV 111.3 MPH)
|
Batting: RHB Greg Harman
|
0-0: Ball 1-0: Foul Ball, location: 2F 1-1: Called Strike 1-2: Ball 2-2: Fly out, F8 (Flyball, 89M, EV 92.5 MPH)
|
Batting: LHB Morgan Black
|
0-0: Ball 1-0: Called Strike Adrian Novakovic is caught stealing 2nd base 2-6
|
Bottom of the 3rd over - 0 runs, 1 hit, 0 errors, 0 left on base; Houston 5 - Detroit 1 |
TOP OF THE 4TH |
Houston Astros batting - Pitching for Detroit Tigers : RHP Jason Williams
|
Batting: RHB Josh Froyd
|
0-0: Called Strike 0-1: Ball 1-1: Foul Ball, location: 2F 1-2: Foul Ball, location: 2F 1-2: Ball 2-2: Foul Ball, location: 2F 2-2: Strikes out swinging
|
Batting: LHB Tony Vitela
|
0-0: Called Strike 0-1: Ball 1-1: Ball 2-1: Foul Ball, location: 2F 2-2: Foul Ball, location: 2F 2-2: Ball 3-2: Ground out 6-3 (Groundball, 6, EV 101.9 MPH)
|
Batting: RHB Chang-wei Jiang
|
0-0: Ball 1-0: Ball 2-0: Foul Ball, location: 2F 2-1: Swinging Strike 2-2: Fly out, F8 (Flyball, 8RD, EV 98.8 MPH)
|
Top of the 4th over - 0 runs, 0 hits, 0 errors, 0 left on base; Houston 5 - Detroit 1 |
BOTTOM OF THE 4TH |
Detroit Tigers batting - Pitching for Houston Astros : RHP Kevin Ovens-Toots
|
Batting: LHB Morgan Black
|
0-0: SINGLE (Line Drive, 89S, EV 110.0 MPH)
|
Batting: RHB Ryan Neal
|
0-0: Ball 1-0: Called Strike 1-1: 2-RUN HOME RUN (Flyball, 7LD, EV 99.4 MPH), Distance : 393 ft
|
Batting: SHB Phil Zacharia
|
0-0: Ball 1-0: Called Strike 1-1: Foul Ball, location: 2F 1-2: Foul Ball, location: 2F 1-2: Fly out, F8 (Flyball, 8RM, EV 84.4 MPH)
|
Batting: RHB Randy Shrewsbury
|
0-0: Ball 1-0: Called Strike 1-1: SOLO HOME RUN (Flyball, 9D, EV 100.6 MPH), Distance : 377 ft
|
Batting: RHB Luke Feeney
|
0-0: Foul Ball, location: 2F 0-1: Foul Ball, location: 2F 0-2: DOUBLE (Flyball, 7LD, EV 100.0 MPH)
|
Batting: RHB Victor Quinones
|
0-0: Ball 1-0: Ground out 4-3 (Groundball, 4, EV 98.1 MPH) Luke Feeney to third
|
Batting: LHB Emmanuel Gaskin
|
0-0: Called Strike 0-1: Ball 1-1: Ball 2-1: Ball 3-1: Base on Balls
|
Batting: RHB Adrian Novakovic
|
0-0: Ball 1-0: Ball 2-0: Ball 3-0: Called Strike 3-1: Foul Ball, location: 2F 3-2: Fly out, F8 (Flyball, 8RD, EV 103.8 MPH)
|
Bottom of the 4th over - 3 runs, 4 hits, 0 errors, 2 left on base; Houston 5 - Detroit 4 |
TOP OF THE 5TH |
Houston Astros batting - Pitching for Detroit Tigers : RHP Jason Williams
|
Batting: RHB Matt Thompson
|
0-0: Called Strike 0-1: Ground out 4-3 (Groundball, 4, EV 105.6 MPH)
|
Batting: SHB Addick de Vries
|
0-0: Called Strike 0-1: Ball 1-1: Fly out, F7 (Flyball, 78D, EV 97.5 MPH)
|
Batting: RHB Danny Dyer
|
0-0: Foul Ball, location: 2F 0-1: Swinging Strike 0-2: Ball 1-2: Strikes out looking
|
Top of the 5th over - 0 runs, 0 hits, 0 errors, 0 left on base; Houston 5 - Detroit 4 |
BOTTOM OF THE 5TH |
Detroit Tigers batting - Pitching for Houston Astros : RHP Kevin Ovens-Toots
|
Batting: RHB Greg Harman
|
0-0: Ball 1-0: Ball 2-0: Ball 3-0: Base on Balls
|
Batting: LHB Morgan Black
|
0-0: Ball 1-0: Called Strike 1-1: Fly out, F8 (Flyball, 78M, EV 80.0 MPH)
|
Batting: RHB Ryan Neal
|
0-0: Ball 1-0: Grounds into double play, 6-4-3 (Groundball, 6, EV 80.0 MPH)
|
Bottom of the 5th over - 0 runs, 0 hits, 0 errors, 0 left on base; Houston 5 - Detroit 4 |
TOP OF THE 6TH |
Houston Astros batting - Pitching for Detroit Tigers : RHP Jason Williams
|
Batting: SHB Joe Gardner
|
0-0: Foul Ball, location: 2F 0-1: Ball 1-1: SINGLE (Line Drive, 7S, EV 106.9 MPH)
|
Batting: RHB Trevor Mock
|
0-0: Ball 1-0: Called Strike 1-1: Foul Ball, location: 2F 1-2: Ball 2-2: Foul Ball, location: 2F 2-2: Ball 3-2: Strikes out looking
|
Pitching: RHP Bryce Cleavinger
|
|
Batting: LHB Ian Jarvis
|
0-0: Ball 1-0: Swinging Strike 1-1: Ball 2-1: Fly out, F3 (Popup, 3SF, EV 76.3 MPH)
|
Batting: RHB Josh Froyd
|
0-0: Called Strike 0-1: Swinging Strike 0-2: Hit by Pitch Joe Gardner to second
|
Batting: LHB Tony Vitela
|
0-0: Ball 1-0: Ball 2-0: Ground out U3 (Groundball, 3L, EV 97.5 MPH)
|
Top of the 6th over - 0 runs, 1 hit, 0 errors, 2 left on base; Houston 5 - Detroit 4 |
BOTTOM OF THE 6TH |
Detroit Tigers batting - Pitching for Houston Astros : RHP Kevin Ovens-Toots
|
Batting: SHB Phil Zacharia
|
0-0: Ball 1-0: Ball 2-0: Called Strike 2-1: Foul Ball, location: 2F 2-2: Foul Ball, location: 2F 2-2: Ball 3-2: SINGLE (Flyball, 89S, EV 92.5 MPH)
|
Batting: RHB Randy Shrewsbury
|
0-0: Ball 1-0: Swinging Strike 1-1: Grounds into double play, 5-4-3 (Groundball, 5, EV 100.6 MPH)
|
Batting: RHB Luke Feeney
|
0-0: SOLO HOME RUN (Flyball, 9D, EV 93.8 MPH), Distance : 368 ft
|
Pitching: RHP Matt Carnevale
|
|
Batting: RHB Victor Quinones
|
0-0: Swinging Strike 0-1: Foul Ball, location: 2F 0-2: Ball 1-2: Ball 2-2: DOUBLE (Line Drive, 3D, EV 99.4 MPH)
|
Batting: LHB Emmanuel Gaskin
|
0-0: Called Strike 0-1: Ball 1-1: Foul Ball, location: 2F 1-2: Ball 2-2: Ball 3-2: Base on Balls
|
Batting: RHB Adrian Novakovic
|
0-0: Ball 1-0: Ball 2-0: Ball 3-0: Fly out, F9 (Flyball, 9LD, EV 102.5 MPH)
|
Bottom of the 6th over - 1 run, 3 hits, 0 errors, 2 left on base; Houston 5 - Detroit 5 |
TOP OF THE 7TH |
Houston Astros batting - Pitching for Detroit Tigers : RHP Bryce Cleavinger
|
Batting: RHB Chang-wei Jiang
|
0-0: Foul Ball, location: 2F 0-1: Called Strike 0-2: Foul Ball, location: 2F 0-2: Ball 1-2: Foul Ball, location: 2F 1-2: Fly out, F8 (Line Drive, 8RD, EV 95.6 MPH)
|
Batting: RHB Matt Thompson
|
0-0: Ball 1-0: Called Strike 1-1: Fly out, F8 (Flyball, 8RD, EV 88.8 MPH)
|
Batting: SHB Addick de Vries
|
0-0: Called Strike 0-1: Swinging Strike 0-2: Strikes out looking
|
Top of the 7th over - 0 runs, 0 hits, 0 errors, 0 left on base; Houston 5 - Detroit 5 |
BOTTOM OF THE 7TH |
Detroit Tigers batting - Pitching for Houston Astros : RHP Matt Carnevale
|
Pitching: RHP John Zike
|
|
Batting: RHB Greg Harman
|
0-0: Swinging Strike 0-1: Ball 1-1: Foul Ball, location: 2F 1-2: Foul Ball, location: 2F 1-2: Ball 2-2: Foul Ball, location: 2F 2-2: Ball 3-2: Ground out 5-3 (Groundball, 56, EV 83.8 MPH)
|
Batting: LHB Morgan Black
|
0-0: Ball 1-0: Ball 2-0: Called Strike 2-1: Foul Ball, location: 2F 2-2: Strikes out swinging
|
Pitching: LHP Chad Dominey
|
|
Batting: RHB Ryan Neal
|
0-0: SINGLE (Groundball, 4M, EV 105.6 MPH) (infield hit)
|
Batting: SHB Phil Zacharia
|
0-0: Called Strike 0-1: Ball Ryan Neal steals 2nd, throwing error, E2 Ryan Neal to third 1-1: Ball 2-1: Foul Ball, location: 2F 2-2: Ball 3-2: Foul Ball, location: 2F 3-2: DOUBLE (Line Drive, 9LM, EV 100.6 MPH) Ryan Neal scores
|
Batting: RHB Randy Shrewsbury
|
0-0: Ball 1-0: Ball 2-0: Ball 3-0: Base on Balls
|
Batting: RHB Luke Feeney
|
0-0: Ball 1-0: Ball 2-0: Called Strike 2-1: Called Strike 2-2: Strikes out swinging
|
Bottom of the 7th over - 1 run, 2 hits, 1 error, 2 left on base; Houston 5 - Detroit 6 |
TOP OF THE 8TH |
Houston Astros batting - Pitching for Detroit Tigers : RHP Bryce Cleavinger
|
Batting: RHB Danny Dyer
|
0-0: Ball 1-0: Foul Ball, location: 2F 1-1: Ball 2-1: Swinging Strike 2-2: SOLO HOME RUN (Line Drive, 78XD, EV 99.4 MPH), Distance : 416 ft
|
Batting: SHB Joe Gardner
|
0-0: Ball 1-0: Ball 2-0: Fly out, F8 (Flyball, 8RXD, EV 98.8 MPH)
|
Batting: RHB Trevor Mock
|
0-0: Ball 1-0: Ball 2-0: Called Strike 2-1: Called Strike 2-2: Strikes out swinging
|
Batting: LHB Ian Jarvis
|
0-0: Fly out, F7 (Flyball, 78D, EV 96.9 MPH)
|
Top of the 8th over - 1 run, 1 hit, 0 errors, 0 left on base; Houston 6 - Detroit 6 |
BOTTOM OF THE 8TH |
Detroit Tigers batting - Pitching for Houston Astros : LHP Chad Dominey
|
Batting: RHB Victor Quinones
|
0-0: SINGLE (Groundball, 6, EV 103.1 MPH)
|
Batting: LHB Emmanuel Gaskin
|
0-0: Ball Victor Quinones is caught stealing 2nd base 2-6 1-0: Swinging Strike 1-1: Ground out U3 (Groundball, 34, EV 78.1 MPH)
|
Batting: RHB Adrian Novakovic
|
0-0: Fly out, F8 (Flyball, 78S, EV 95.6 MPH)
|
Bottom of the 8th over - 0 runs, 1 hit, 0 errors, 0 left on base; Houston 6 - Detroit 6 |
TOP OF THE 9TH |
Houston Astros batting - Pitching for Detroit Tigers : RHP Bryce Cleavinger
|
Pitching: RHP Riso Profanter
|
|
Batting: RHB Josh Froyd
|
0-0: Ball 1-0: Ground out 4-3 (Groundball, 4MD, EV 90.6 MPH)
|
Batting: LHB Tony Vitela
|
0-0: SINGLE (Groundball, 34D, EV 94.4 MPH)
|
Batting: RHB Chang-wei Jiang
|
0-0: Ball 1-0: Called Strike 1-1: Foul Ball, location: 2F 1-2: Ball 2-2: Strikes out looking
|
Batting: RHB Matt Thompson
|
0-0: Called Strike 0-1: Ball 1-1: Ball 2-1: Ball 3-1: Base on Balls Tony Vitela to second
|
Batting: SHB Addick de Vries
|
0-0: Fielders Choice at 2nd, 5-4 (Groundball, 56, EV 77.5 MPH)
|
Top of the 9th over - 0 runs, 1 hit, 0 errors, 2 left on base; Houston 6 - Detroit 6 |
BOTTOM OF THE 9TH |
Detroit Tigers batting - Pitching for Houston Astros : LHP Chad Dominey
|
Batting: RHB Greg Harman
|
0-0: Ball 1-0: Swinging Strike 1-1: Foul Ball, location: 2F 1-2: Ball 2-2: Ball 3-2: Strikes out swinging
|
Pinch Hitting: RHB Chris Wheatley
|
0-0: Ball 1-0: Ball 2-0: Swinging Strike 2-1: Ball 3-1: SINGLE (Line Drive, 3D, EV 96.9 MPH)
|
Batting: RHB Ryan Neal
|
0-0: Ball 1-0: Ball 2-0: Swinging Strike 2-1: Fielders Choice at 2nd, 1-6 (Groundball, 34S, EV 74.4 MPH)
|
Batting: SHB Phil Zacharia
|
0-0: Foul Ball, location: 2F 0-1: Ball 1-1: Ball 2-1: Ball 3-1: Foul Ball, location: 2F 3-2: Foul Ball, location: 2F 3-2: Foul Ball, location: 2F 3-2: SINGLE (Line Drive, 89S, EV 91.9 MPH) Ryan Neal to second Ryan Neal to third
|
Batting: RHB Randy Shrewsbury
|
0-0: Ball 1-0: Ball 2-0: Ball 3-0: Called Strike 3-1: Swinging Strike 3-2: Base on Balls Phil Zacharia to second
|
Pitching: RHP Jose Saenz
|
|
Batting: RHB Luke Feeney
|
0-0: Ball 1-0: Called Strike 1-1: Foul Ball, location: 2F 1-2: Ball 2-2: Strikes out swinging
|
Bottom of the 9th over - 0 runs, 2 hits, 0 errors, 3 left on base; Houston 6 - Detroit 6 |
TOP OF THE 10TH |
Houston Astros batting - Pitching for Detroit Tigers : RHP Riso Profanter
|
Now in LF: Tyler Davis
|
|
Batting: RHB Danny Dyer
|
0-0: Called Strike 0-1: Ball 1-1: Called Strike 1-2: Foul Ball, location: 2F 1-2: Foul Ball, location: 2F 1-2: Ball 2-2: Strikes out swinging
|
Batting: SHB Joe Gardner
|
0-0: Ground out 4-3 (Groundball, 34, EV 88.1 MPH)
|
Batting: RHB Trevor Mock
|
0-0: Ball 1-0: Ball 2-0: Foul Ball, location: 2F 2-1: Ball 3-1: Base on Balls
|
Batting: LHB Ian Jarvis
|
0-0: Foul Ball, location: 2F 0-1: Called Strike 0-2: Ball 1-2: Strikes out looking
|
Top of the 10th over - 0 runs, 0 hits, 0 errors, 1 left on base; Houston 6 - Detroit 6 |
BOTTOM OF THE 10TH |
Detroit Tigers batting - Pitching for Houston Astros : RHP Jose Saenz
|
Pitching: RHP Bill Dillard
|
|
Batting: RHB Victor Quinones
|
0-0: Called Strike 0-1: Called Strike 0-2: Strikes out swinging
|
Batting: LHB Emmanuel Gaskin
|
0-0: Ground out 4-3 (Groundball, 4, EV 88.1 MPH)
|
Pinch Hitting: LHB Brad Turner
|
0-0: Ground out 4-3 (Groundball, 4D, EV 80.0 MPH)
|
Bottom of the 10th over - 0 runs, 0 hits, 0 errors, 0 left on base; Houston 6 - Detroit 6 |
TOP OF THE 11TH |
Houston Astros batting - Pitching for Detroit Tigers : RHP Riso Profanter
|
Now at SS: Dave Reynolds
|
|
Batting: RHB Josh Froyd
|
0-0: Called Strike 0-1: Ball 1-1: Foul Ball, location: 2F 1-2: DOUBLE (Line Drive, 7LM, EV 110.6 MPH)
|
Batting: LHB Tony Vitela
|
0-0: Swinging Strike 0-1: Swinging Strike 0-2: Strikes out swinging
|
Batting: RHB Chang-wei Jiang
|
0-0: Ball 1-0: Called Strike 1-1: Foul Ball, location: 2F 1-2: Ball 2-2: Ground out U3 (Groundball, 34, EV 90.0 MPH) Josh Froyd to third
|
Pitching: RHP Eric Putnam
|
|
Batting: RHB Matt Thompson
|
0-0: Ground out 4-3 (Groundball, 4M, EV 89.4 MPH)
|
Top of the 11th over - 0 runs, 1 hit, 0 errors, 1 left on base; Houston 6 - Detroit 6 |
BOTTOM OF THE 11TH |
Detroit Tigers batting - Pitching for Houston Astros : RHP Bill Dillard
|
Batting: RHB Greg Harman
|
0-0: Called Strike 0-1: Called Strike 0-2: Ball 1-2: Ball 2-2: Foul Ball, location: 2F 2-2: Ball 3-2: SOLO HOME RUN (Flyball, 78XD, EV 106.3 MPH), Distance : 404 ft
|
Bottom of the 11th over - 1 run, 1 hit, 0 errors, 0 left on base; Houston 6 - Detroit 7 |
|
Game Over ... Detroit defeats Houston, 7 to 6
|
|
|